 Dungeon Crawl Stone Soup version 0.21.1-1-g345015f (webtiles) character file.

103 gyp21 the Magician (level 4, -5/32 HPs)
             Began as a Mummy Fire Elementalist on Apr 25, 2018.
             Slain by Terence
             ... wielding a +2 short sword of speed
              (7 damage)
             ... on level 2 of the Dungeon on June 26, 2018.
             The game lasted 00:08:14 (3522 turns).

gyp21 the Magician (Mummy Fire Elementalist)        Turns: 3522, Time: 00:08:15

Health: -5/32      AC:  2    Str: 11    XL:     4   Next: 51%
Magic:  6/9        EV: 12    Int: 15    God:
Gold:   90         SH:  0    Dex: 12    Spells: 9/10 levels left

rFire    x . .     SeeInvis +   l - +0 war axe (vamp)
rCold    + . .     Gourm    .   (no shield)
rNeg     + + +     Faith    .   a - +0 robe
rPois    ∞         Spirit   .   (no helmet)
rElec    .         Reflect  .   (no cloak)
rCorr    .         Harm     .   (no gloves)
MR       .....                  (no boots)
Stlth    ++........             (no amulet)
HPRegen  0.10/turn              c - ring of see invisible
MPRegen  0.11/turn              (no ring)

@: very slightly contaminated
A: no food or potions, fire vulnerability, cold resistance 1, negative energy
resistance 3, torment resistance, unbreathing
a: no special abilities


You were on level 2 of the Dungeon.
You were not hungry.

You visited 1 branch of the dungeon, and saw 3 of its levels.

You collected 90 gold pieces.

Inventory:

Hand Weapons
 l - a +0 vampiric war axe (weapon)
Armour
 a - a +0 robe (worn)
Jewellery
 c - a ring of see invisible (left hand)
Scrolls
 d - 4 scrolls of remove curse {unknown}
 f - 2 scrolls of identify {unknown}
 g - a scroll of noise {unknown}
 h - a scroll of teleportation {unknown}
 i - a scroll of enchant weapon {unknown}
 j - a scroll of enchant armour {unknown}
 k - a scroll of amnesia {unknown}
Books
 b - a book of Flames

   Spells                             Type                      Level
   a - Flame Tongue                   Conjuration/Fire             1
   b - Throw Flame                    Conjuration/Fire             2
   c - Conjure Flame                  Conjuration/Fire             3
   d - Inner Flame                    Hexes/Fire                   3
   e - Sticky Flame                   Conjuration/Fire             4
   f - Fireball                       Conjuration/Fire             5


   Skills:
 + Level 1.6 Fighting
 + Level 2.2 Dodging
 - Level 1.5 Stealth
 + Level 3.5 Spellcasting
 + Level 1.6 Conjurations
 + Level 2.9 Fire Magic


You had 9 spell levels left.
You knew the following spells:

 Your Spells              Type           Power        Failure   Level  Hunger
a - Flame Tongue          Conj/Fire      #....        8%          1    N/A

Dungeon Overview and Level Annotations

Branches:
Dungeon (3/15)

Altars:

Annotations:
D:2 Terence


Innate Abilities, Weirdness & Mutations

You do not eat or drink.
Your flesh is vulnerable to fire.
You are immune to poison.
Your flesh is cold resistant. (rC+)
You are immune to negative energy. (rN+++)
You are immune to unholy pain and torment.
You can survive without breathing.


Message History

* * * LOW HITPOINT WARNING * * *
Terence closely misses you.
You barely miss Terence.
Terence is severely wounded.
Terence hits you with a short sword of speed.
* * * LOW HITPOINT WARNING * * *
Terence hits you with a short sword of speed.
* * * LOW HITPOINT WARNING * * *
Casting: Flame Tongue
Confirm with . or Enter, or press ? or * to list all spells.
You don't know that spell.
Casting: Flame Tongue
Confirm with . or Enter, or press ? or * to list all spells.
Aiming: Flame Tongue
Press: ? - help, Shift-Dir - straight line, f/p - Terence
Aim: Terence, wielding a short sword of speed and wearing a scale mail (severely wounded)
The flame tongue hits Terence.
Terence is almost dead.
Terence hits you with a short sword of speed!
You die...

...##(#########
..............#
.......####.#.####
...###...........#
.................##
.........##.#.#..[#######
...##..!#..#....#......)#
#..##..#..###.#...#####.#
.#....#...# ##.#@## #.#
%.#..#....###.##@# #.#
#..##..##..#.)#..# #.#
#..##..##...#.#..# #.#
..#..#....#.#....# #.#
.#....#...#.###..# #)#
#..##..#..)......# #<#
...##...#.#####.## #.##
.........## #..### #..#


You could see Terence.

Vanquished Creatures
  2 adders (D:2)
  3 worms (D:2)
  A dart slug (D:1)
  3 leopard geckos (D:1)
  2 orcs (D:3)
  8 bats
  2 giant cockroaches
  7 goblins
  6 hobgoblins
  10 jackals (D:1)
  3 kobolds
  A quokka (D:3)
  4 ball pythons (D:2)
  4 frilled lizards
  7 rats
63 creatures vanquished.

Notes
Turn   | Place    | Note
-------+----------+-------------------------------------------
     0 | D:1      | gyp21 the Mummy Fire Elementalist began the quest for the Orb.
     0 | D:1      | Reached XP level 1. HP: 13/13 MP: 4/4
   434 | D:1      | Reached skill level 1 in Conjurations
   435 | D:1      | Reached XP level 2. HP: 18/20 MP: 1/5
   715 | D:1      | Reached skill level 3 in Spellcasting
  1033 | D:1      | Reached skill level 1 in Fighting
  1041 | D:1      | Reached XP level 3. HP: 5/26 MP: 1/7
  2211 | D:2      | Reached XP level 4. HP: 31/32 MP: 0/9
  3470 | D:3      | Noticed Terence
  3511 | D:2      | HP: 1/32 [Terence/short sword of speed (6)]
  3522 | D:2      | Slain by Terence

Skill      XL: |  1  2  3 |
---------------+----------+-----
Conjurations   | 1 |  1.6
Spellcasting   | 3 |  3.5
Fighting       | 1 |  1.6
Dodging        | 2 |  2.2
Stealth        | |  1.5
Fire Magic     | |  2.9

Action                   |  1- 3 |  4- 6 || total
-------------------------+-------+-------++-------
Melee: Unarmed           |     6 |       ||     6
       Mace              |    49 |    26 ||    75
       War axe           |       |     9 ||     9
 Cast: Flame Tongue      |    65 |    26 ||    91
 Stab: Sleeping          |     1 |       ||     1
Armor: Robe              |    21 |    15 ||    36
Dodge: Dodged            |    83 |    33 ||   116
